nht, chaotic female elven Wizard --- -------------- ----- --.------............| |...- |..........--------- - ---.... |..--------- |.....-- --.| --- -......| |.| --.-- |.*...| |.| |...| -.|....-- |.| --...| ---- |.....-- |.| |....---..| ---..-- --)--- --........-- |..| | |....----|..........| |.-- |.---|.......--.....---..| |.--- ...|--.............| --.-- ---...| -.-----)h....----.- --..---...|.- |>..|....@...| |.. -.....%...| . ---..........- |....--..).-.-- - |*.............--..- |.....-- |...........|...|--- ---....| |..|..----.--- .| ---.-- ------- --- -- -- nht the Conjurer Experience level: 5 Strength: 11 Dexterity: 16 Constitution: 12 Intelligence: 18 Wisdom: 11 Charisma: 9 Health: 0(24) Energy: 31(49) Def: 2 Gold: 204 Moves: 723 Dungeon seed: SY5GKUNc5COrNK1W Game ID: nht_1433864432 Your Inventory: Coins $ - 204 gold pieces Weapons a - a blessed +1 quarterstaff (weapon in hands) Armor e - an uncursed +0 cloak of magic resistance (being worn) r - an uncursed +0 pair of leather gloves (being worn) Scrolls j - a blessed scroll of scare monster k - an uncursed scroll of enchant weapon s - an uncursed scroll of teleportation G - 4 uncursed scrolls of identify H - 2 uncursed scrolls of remove curse Spellbooks l - a blessed spellbook of blank paper Potions f - an uncursed potion of levitation g - an uncursed potion of paralysis h - an uncursed potion of gain ability I - an uncursed potion of fruit juice Rings c - an uncursed ring of stealth d - an uncursed ring of cold resistance A - an uncursed ring of sustain ability Wands b - a wand of enlightenment (0:11) F - a wand of undead turning (0:7) J - a wand of nothing (0:5) Tools i - an uncursed oil lamp (0:1305) o - a magic marker (0:36) p - an uncursed wooden harp t - an uncursed blindfold u - 10 uncursed tallow candles (0:200) v - an uncursed skeleton key x - a +0 pick-axe B - 7 uncursed wax candles (0:400) Gems y - 2 uncursed worthless pieces of violet glass C - an uncursed luckstone N - an uncursed worthless piece of yellow glass Spells known in the end: Name Level Category Fail Memory a - force bolt 1 attack 0% 97% b - magic missile 2 attack 0% 97% c - cure sickness 3 healing 85% 97% Your skills at the end: Fighting Skills Weapon Skills quarterstaff [Basic] Spellcasting Skills attack spells [Basic] enchantment spells [Basic] Final Attributes: You were piously aligned. You were sleep resistant. You were magic-protected. You had infravision. You were lucky. You had extra luck. Bad luck did not time out for you. Good luck did not time out for you. You are dead. Vanquished creatures: a water nymph 2 gnome lords 3 gnomish wizards 4 dwarves 2 hobbits 21 gnomes a gecko a kobold 35 creatures vanquished. Voluntary challenges: You used a wielded weapon 51 times, starting on turn 89. You read items or engraved 4 times, starting on turn 544. You never genocided any monsters. You never polymorphed an object. You never changed form. You used no wishes. You never split a pudding. You never wrote Elbereth's name. You never violated your personal moral code. You disabled loading bones files. Dungeon overview: The Dungeons of Doom: levels 1 to 2 Level 1 a long staircase Level 2 stairs to The Gnomish Mines The Gnomish Mines: levels 3 to 6 Level 3 <- You were here stairs to The Dungeons of Doom Level 4 Level 5 some shops, a temple to Ptah, some fountains Level 6 History has recorded: On T:1 you entered the Dungeons of Doom to retrieve the Amulet of Yendor! On T:148 you reached level 2 of The Dungeons of Doom. On T:227 you reached level 1 of The Gnomish Mines. On T:240 you advanced to experience level 2. On T:247 you advanced to experience level 3. On T:322 you reached level 2 of The Gnomish Mines. On T:325 you advanced to experience level 4. On T:391 you reached level 3 of The Gnomish Mines. On T:411 you reached level 4 of The Gnomish Mines. On T:419 you advanced to experience level 5. Score breakdown: Gold: 204 ( 7863 points) Experience: 5 levels (11141 points) Exploration: 6 levels ( 13.04%) (10000 points) Discoveries: 5 items ( 1.81%) ( 4037 points) Valuables value: (no points given unless you survive) Artifact value: 0 ( 0 points) Variety of kills: 8 monsters ( 2.11%) ( 4358 points) Time penalty: 723 turns ( 0 points) Survival: died (score multiplied by 80%) Total score: 29919 Latest messages: v - an uncursed key. i - an uncursed oil lamp. u - 10 uncursed tallow candles. B - 7 uncursed wax candles. C - an uncursed stone called !touch. y - 2 uncursed violet gems. N - an uncursed yellow gem. A stone called !touch lands on the altar. A yellow gem lands on the altar. You sold an uncursed spellbook of cure sickness for 150 gold pieces. You drop a ruby potion. You sold a ruby potion for 100 gold pieces. You drop a pink potion (unpaid, 66 zorkmids). You drop an orange potion. You sold an orange potion for 50 gold pieces. You drop an ivory ring. You hit the dwarf! The dwarf thrusts her broad short sword. The dwarf hits! You die... Final status: Goodbye nht the Wizard, killed by a dwarf... You died in The Gnomish Mines on dungeon level 3 with 29919 points, and 204 pieces of gold, after 723 moves. You were level 5 with a maximum of 24 hit points when you died.